 Dungeon Crawl Stone Soup version 0.26.1-10-gdfb7c7de75 (webtiles) character file.

Game seed: 5351667658592421100

78 Chiseanne the Magician (level 4, -4/30 HPs)
             Began as a Demonspawn Hedge Wizard on Apr 12, 2021.
             Killed from afar by an orc wizard (6 damage)
             ... with a magic dart
             ... on level 2 of the Dungeon.
             The game lasted 00:03:09 (2013 turns).

Chiseanne the Magician (Demonspawn Hedge Wizard)    Turns: 2013, Time: 00:03:10

Health: -4/30      AC:  6    Str: 10    XL:     4   Next: 15%
Magic:  3/10       EV: 12    Int: 16    God:
Gold:   34         SH:  0    Dex: 13    Spells: 8/11 levels left

rFire    . . .     SeeInvis .   a - +0 dagger
rCold    + . .     Faith    .   (no shield)
rNeg     . . .     Spirit   .   b - +0 robe
rPois    .         Reflect  .   c - +0 hat
rElec    .         Harm     .   l - +1 cloak
rCorr    .         Rampage  .   (no gloves)
Will     .....                  (no boots)
Stlth    ++........             (no amulet)
HPRegen  0.10/turn              (no ring)
MPRegen  0.12/turn              (no ring)

@: slowed, very slow
A: icy blue scales 1, cold resistance 1, freezing cloud immunity
a: no special abilities


You were on level 2 of the Dungeon.
You visited 1 branch of the dungeon, and saw 2 of its levels.

You collected 34 gold pieces.

Inventory:

Hand Weapons
 a - a +0 dagger (weapon)
 i - a +0 club
Missiles
 d - 6 javelins
 g - 38 stones
 n - 4 bolts
 q - 13 poisoned darts
Armour
 b - a +0 robe (worn)
 c - a +0 hat (worn)
 j - a cursed +0 kite shield
 l - a +1 cloak (worn)
Scrolls
 k - a scroll of enchant armour
Potions
 f - a potion of flight
 m - a potion of heal wounds {unknown}
 p - a potion of degeneration {unknown}


   Skills:
 - Level 1.7 Dodging
 - Level 1.7 Stealth
 * Level 4.0 Spellcasting
 * Level 2.9 Conjurations
 - Level 1.0 Summonings
 - Level 0.8 Translocations


You had 8 spell levels left.
You knew the following spells:

 Your Spells              Type           Power        Failure   Level
a - Magic Dart            Conj           48%          5%          1
b - Blink                 Tloc           N/A          19%         2

Your spell library contained the following spells:

 Spells                   Type           Power        Failure   Level
 Call Imp                 Summ           6%           17%         2
 Slow                     Hex            3%           26%         2
 Conjure Flame            Conj/Fire      7%           28%         3
 Mephitic Cloud           Conj/Pois/Air  6%           34%         3


Dungeon Overview and Level Annotations

Branches:
Dungeon (2/15)

Altars:
Dithmenos
Nemelex Xobeh


Innate Abilities, Weirdness & Mutations

You are partially covered in icy blue scales. (AC +2)
Your flesh is cold resistant. (rC+)
You are immune to freezing clouds.


Message History

The orc wizard mumbles some strange words.
The orc wizard blinks!
You feel better.
A hobgoblin comes into view. It is wielding a +0 club.
The orc wizard hits you but does no damage.
You barely miss the orc wizard.
The orc wizard is moderately wounded.
The orc wizard hits you with a +0 dagger.
* * * LOW HITPOINT WARNING * * *
The orc wizard hits you with a +0 dagger.
* * * LOW HITPOINT WARNING * * *
The orc wizard mumbles some strange words.
The orc wizard blinks!
The orc wizard points at you and mumbles some strange words.
The magic dart hits you.
* * * LOW HITPOINT WARNING * * *
The kobold shouts!
The orc wizard gestures at you while chanting.
The magic dart hits you.
You die...

### ####### ?.. #.....#
#.# #########....?####..##
.(.............§....##
#.....(....o@#.#......
#............#....##....
..###....K.......#...##
#.. _..
5.'....(....######.#..##..
... ..##........# #.#..g..
.... #....l...#
#.###..##..o. #.###'####
#†# #.###..# .l. #K#
#.###.##..# ... #g#
#.)[..o...##


You could see an orc wizard (fast) and a kobold.

Vanquished Creatures
  An orc wizard (D:2)
  An adder (D:2)
  A worm (D:2)
  3 orcs (D:2)
  2 giant cockroaches (D:1)
  6 goblins
  3 hobgoblins
  2 jackals (D:2)
  A ball python (D:2)
  A bat (D:2)
  4 frilled lizards (D:1)
  5 kobolds
  6 rats
36 creatures vanquished.

Notes
Turn   | Place    | Note
-------+----------+-------------------------------------------
     0 | D:1      | Chiseanne the Demonspawn Hedge Wizard began the quest for
                  | the Orb.
     0 | D:1      | Reached XP level 1. HP: 13/13 MP: 4/4
   565 | D:1      | Gained mutation: You are partially covered in icy blue
                  | scales. (AC +2) [demonic ancestry]
   565 | D:1      | Reached XP level 2. HP: 19/19 MP: 0/6
  1424 | D:2      | Learned a level 2 spell: Blink
  1430 | D:2      | Found a sparkling altar of Nemelex Xobeh.
  1693 | D:2      | Gained mutation: Your flesh is cold resistant. (rC+)
                  | [demonic ancestry]
  1693 | D:2      | Reached XP level 3. HP: 17/24 MP: 0/8
  1844 | D:2      | Gained mutation: You are immune to freezing clouds.
                  | [demonic ancestry]
  1844 | D:2      | Reached XP level 4. HP: 30/30 MP: 1/9
  1956 | D:2      | Reached skill level 4 in Spellcasting
  1960 | D:2      | Found a shadowy altar of Dithmenos.
  2013 | D:2      | Killed from afar by an orc wizard

Illustrated notes

Levels and vault maps discovered:
D:1:      tarquinn_simple_flora_water_d, layout_loops_corners,
          chequers_serial_rivers_micro_b, grunt_decor_clamped,
          minmay_misc_feat_square, hangedman_decor_growths
D:2:      layout_basic, nicolae_dithmenos_shadow_blocks, cheibriados_altar_1,
          nemelex_spade_bored_becter

Skill      XL: |  1  2  3  4 |
---------------+-------------+-----
Conjurations   | 2 |  2.9
Spellcasting   | 4 |  4.0
Dodging        | |  1.7
Stealth        | |  1.7
Summonings     | |  1.0
Translocations | |  0.8

Action                   |  1- 3 |  4- 6 || total
-------------------------+-------+-------++-------
Melee: Dagger            |    30 |    19 ||    49
 Cast: Magic Dart        |    65 |    18 ||    83
  Use: Scroll            |     7 |       ||     7
       Potion            |       |     1 ||     1
 Stab: Sleeping          |     2 |       ||     2
Armor: Robe              |    11 |     2 ||    13
Dodge: Dodged            |    21 |     8 ||    29
